 Dungeon Crawl Stone Soup version 0.31-a0-1144-g99969ba1bc (webtiles) character file.

Game seed: 5454876009972816788

1555774 Ge0ff the Wild Kobold (level 27, 173/173 HPs)
             Began as a Kobold Cinder Acolyte on Dec 6, 2023.
             Was a High Priest of Trog.
             Escaped with the Orb
             ... and 3 runes on Dec 7, 2023!
             The game lasted 03:31:28 (81345 turns).

Ge0ff the Wild Kobold (Kobold Cinder Acolyte)      Turns: 81345, Time: 03:31:29

Health: 173/173    AC: 28    Str: 30    XL:     27
Magic:  41/41      EV: 37    Int: 15    God:    Trog [*****.]
Gold:   5518       SH: 28    Dex: 33    Spells: 25/36 levels left

rFire   + . .        a - +6 eveningstar "Kobold's Regret" {venom, rPois rN+ Will+ Dex+6}
rCold   + . .        r - +5 kite shield {AC+3}
rNeg    + + .        i - +5 moon troll leather armour {Spirit, Regen++ MP+5}
rPois   +            Q - +2 helmet {Int+3}
rElec   +            g - +2 cloak of Dafrowir {rElec Int-3 Dex+5}
rCorr   .            y - +2 pair of gloves {Str+3}
SInv    .            p - +2 pair of boots
Will    +++++        f - amulet of reflection
Stlth   +++          n - ring "Agaess" {rC+ rN+ Will++ Dex+6 Stlth-}
HPRegen 2.08/turn    Y - ring of Nifizer {rElec rF+ Str+5, =R}
MPRegen 0.27/turn

%: reflection, guardian spirit
@: no status effects
A: small, no large weapons, nightstalker 3, mutation resistance 1, strong 1
0: Orb of Zot
}: 3/15 runes: decaying, serpentine, silver
a: Renounce Religion, Berserk, Trog's Hand, Brothers in Arms


You escaped.
You worshipped Trog.
Trog was extremely pleased with you.
You visited 10 branches of the dungeon, and saw 48 of its levels.
You also visited: Bailey, Gauntlet, Ice Cave, Volcano and Desolation.

You collected 11077 gold pieces.
You spent 5559 gold pieces at shops.

Inventory:

Hand Weapons
 a - the +6 eveningstar "Kobold's Regret" (weapon) {venom, rPois rN+ Will+ Dex+6}
   (You took it off a minotaur in a Gauntlet)

   Dex+6:     It affects your dexterity (+6).
   rPois:     It protects you from poison rN+: It protects you from negative
   energy.
   Will+:     It increases your willpower.
 b - a +9 eveningstar of chaos
 w - the +7 Spriggan's Knife {stab, EV+4 Stlth+}
   (You found it in the Desolation of Salt)

   Stab:      It is more effective when stabbing unaware enemies, sometimes
   treating them as though they were completely helpless.
   EV+4:      It affects your evasion (+4).
   Stlth+:    It makes you more stealthy.
 z - the +8 demon trident "Rift" {distort, reach+}
   (You took it off a deep elf annihilator on level 3 of the Elven Halls)
 G - a +7 antimagic demon whip
 S - a +9 eveningstar of electrocution
Missiles
 v - 8 curare-tipped darts {=F}
 x - 4 datura-tipped darts {=F}
 D - 8 boomerangs (quivered)
 L - 9 darts of dispersal
Armour
 g - the +2 cloak of Dafrowir (worn) {rElec Int-3 Dex+5}
   (You found it on level 8 of the Dungeon)

   Int-3:     It affects your intelligence (-3).
   Dex+5:     It affects your dexterity (+5).
   rElec:     It insulates you from electricity.
 i - the +5 moon troll leather armour (worn) {Spirit, Regen++ MP+5}
   (You took it off a deep elf elementalist on level 3 of the Elven Halls)

   MP+5:      It affects your magic capacity (+5).
   Regen++:   It increases your rate of health regeneration.
 p - a +2 pair of boots (worn)
 r - a +5 kite shield of protection (worn)
 y - a +2 pair of gloves of strength (worn)
 Q - a +2 helmet of intelligence (worn)
Jewellery
 c - the amulet "Tuithr Qixoz" {Spirit Will+ Regen+}
   (You found it in the Desolation of Salt)

   [amulet of guardian spirit]

   Spirit:    It causes incoming damage to be divided between your reserves of
   health and magic.
   Will+:     It increases your willpower.
   Regen+:    It increases your rate of health regeneration.
 f - an amulet of reflection (around neck)
 h - the ring "Teunaa" {rPois rCorr MP+9 Dex+2}
   (You found it in a Gauntlet)

   [ring of magical power]

   Dex+2:     It affects your dexterity (+2).
   rPois:     It protects you from poison MP+9: It affects your magic capacity
   (+9).
   rCorr:     It protects you from acid and corrosion.
 m - the ring of Ru's Indignation {rN+ SInv}
   (You took it off a boggart on level 2 of the Depths)

   [ring of positive energy]

   rN+:       It protects you from negative energy.
   SInv:      It lets you see invisible.
 n - the ring "Agaess" (left hand) {rC+ rN+ Will++ Dex+6 Stlth-}
   (You bought it in a shop on level 1 of the Orcish Mines)

   [ring of dexterity]

   Dex+6:     It affects your dexterity (+6).
   rC+:       It protects you from cold.
   rN+:       It protects you from negative energy.
   Will++:    It greatly increases your willpower.
   Stlth-:    It makes you less stealthy.
 Y - the ring of Nifizer (right hand) {rElec rF+ Str+5, =R}
   (You acquired it in a bailey)

   [ring of protection from fire]

   Str+5:     It affects your strength (+5).
   rF+:       It protects you from fire.
   rElec:     It insulates you from electricity.
Wands
 d - a wand of digging (18)
 k - a wand of iceblast (14)
 s - a wand of mindburst (20)
 P - a wand of polymorph (18)
Scrolls
 B - 4 scrolls of blinking
 C - a scroll of poison
 E - a scroll of fear
 F - 6 scrolls of fog
 J - a scroll of silence {!r}
 T - 7 scrolls of teleportation
 V - 8 scrolls of vulnerability
Potions
 o - 9 potions of ambrosia
 q - 20 potions of curing
 u - 3 potions of mutation {!q}
 A - 4 potions of attraction
 I - a potion of invisibility
 K - 4 potions of magic {!q}
 M - 3 potions of might
 N - 2 potions of cancellation {!q}
 R - 3 potions of resistance
 W - 12 potions of heal wounds {!q}
 X - 11 potions of enlightenment
 Z - 2 potions of berserk rage {!q}
Miscellaneous
 l - a lightning rod (4/4)
 t - a tin of tremorstones (1/2)
 O - a sack of spiders
 U - a phantom mirror (inert)


   Skills:
 - Level 18.0 Fighting
 - Level 5.0 Short Blades
 - Level 17.0 Maces & Flails
 - Level 17.0 Ranged Weapons
 - Level 17.0 Throwing
 + Level 17.0 Armour
 + Level 17.0 Dodging
 + Level 17.0 Stealth
 + Level 17.0 Shields
 - Level 5.0 Spellcasting
 - Level 4.0 Conjurations
 - Level 3.0 Hexes
 - Level 3.0 Translocations
 - Level 9.0 Fire Magic
 - Level 4.0 Air Magic
 - Level 4.0 Poison Magic
 - Level 18.1 Invocations
 - Level 17.0 Evocations


You had 25 spell levels left.
You knew the following spells:

 Your Spells              Type           Power      Damage    Failure   Level
f - Mephitic Cloud        Conj/Pois/Air  15%        N/A       13%         3
g - Apportation           Tloc           24%        N/A       7%          1
j - Inner Flame           Hex/Fire       21%        N/A       6%          3
B - Blink                 Tloc           24%        N/A       10%         2
C - Scorch                Fire           60%        2d7       1%          2

Your spell library contained the following spells:

 Spells                   Type           Power      Damage    Failure   Level
 Magic Dart               Conj           60%        1d6       4%          1
 Static Discharge         Conj/Air       30%        3-5/arc   7%          2
 Kiss of Death            Conj/Necr      36%        2d8       10%         1
 Lesser Beckoning         Tloc           24%        N/A       10%         2
 Confusing Touch          Hex            12%        N/A       21%         3
 Necrotise                Necr           12%        1d4       22%         1
 Summon Small Mammal      Summ           12%        N/A       22%         1
 Call Imp                 Summ           6%         N/A       34%         2
 Airstrike                Air            7%         2d(2-18)  41%         4
 Fireball                 Conj/Fire      11%        3d7       41%         5
 Manifold Assault         Tloc           12%        N/A       54%         4
 Passage of Golubria      Tloc           12%        N/A       54%         4
 Frozen Ramparts          Ice            6%         1d1       56%         3
 Brom's Barrelling Bould  Conj/Erth      9%         2d3       69%         4
 Summon Lightning Spire   Summ/Air       9%         N/A       69%         4
 Iskenderun's Battlesphe  Conj           15%        2d7       77%         5
 Animate Armour           Summ/Erth      6%         N/A       92%         4
 Animate Dead             Necr           3%         N/A       92%         4
 Dispel Undead            Necr           3%         3d7       92%         4
 Petrify                  Tmut/Erth      3%         N/A       92%         4
 Summon Ice Beast         Ice/Summ       3%         N/A       92%         4
 Metabolic Englaciation   Hex/Ice        4%         N/A       98%         5
 Yara's Violent Unravell  Hex/Tmut       4%         3d4       98%         5
 Borgnjor's Vile Clutch   Necr/Erth      1%         N/A       99%         5
 Lee's Rapid Deconstruct  Erth           1%         3d4*      99%         5
 Conjure Ball Lightning   Conj/Air       7%         3x3d6     100%        6
 Death Channel            Necr           1%         N/A       100%        6
 Enfeeble                 Hex            6%         N/A       100%        7
 Orb of Destruction       Conj           7%         9d6       100%        7
 Summon Hydra             Summ           1%         N/A       100%        7


Dungeon Overview and Level Annotations

Branches:
Dungeon (15/15)            Temple (1/1) D:6            Lair (5/5) D:9
  Swamp (4/4) Lair:2        Snake (4/4) Lair:2        Slime (0/5) Lair:5
    Orc (2/2) D:9             Elf (3/3) Orc:2        Vaults (5/5) D:14
  Crypt (0/3) Vaults:2     Depths (4/4) D:15            Zot (5/5) Depths:4
 Bailey (visited)           IceCv (visited)         Volcano (visited)
Desolation (visited)      Gauntlet (visited)

Altars:
Ashenzari
Cheibriados
Dithmenos
Elyvilon
Fedhas
Gozag
Hepliaklqana
Kikubaaqudgha
Makhleb
Nemelex Xobeh
Okawaru
Qazlal
Ru
Sif Muna
Trog
Uskayaw
Vehumet
Wu Jian
Xom
Yredelemnul
Zin
The Shining One
Jiyva

Shops:
D:5 =   D:8 :   Orc:1 =   Orc:2 *(?(   Elf:2 ::=   Snake:3 !   Vaults:2 (
Vaults:3 ?   Vaults:4 [   Vaults:5 !   Depths:3 [([

Portals:
Hell: Depths:1 Depths:2 Depths:3 Depths:4
Abyss: Depths:1 Depths:3
Pandemonium: Depths:2 Depths:3 Depths:4
Ziggurat: Depths:3

Annotations:
Vaults:2 Mennas
Zot:5 1 exclusion


Innate Abilities, Weirdness & Mutations

You are small and have problems with some larger weapons.
You are completely attuned to the shadows.
You are somewhat resistant to further mutation.
Your muscles are strong. (Str +4, Int/Dex -1)


Message History

The balrug is heavily wounded.
The balrug hits you but does no damage.
You closely miss the balrug.
The balrug is heavily wounded.
The balrug hits you with a +0 demon whip.
You are engulfed in flames!
You resist.
You completely miss the balrug.
The balrug is heavily wounded.
You block the balrug's attack.
You puncture the balrug!
The balrug is severely wounded.
The balrug closely misses you.
A sun demon comes into view.
The sun demon shouts!
You puncture the balrug!
The balrug is almost dead.
The balrug completely misses you.
You puncture the balrug!
You kill the balrug!
Trog accepts your kill. The sun demon closely misses you.
You block the sun demon's attack.
You impale the sun demon!!
The sun demon is heavily wounded.
You block the sun demon's attack.
You closely miss the sun demon.
The sun demon is heavily wounded.
You block the sun demon's attack.
You bludgeon the sun demon!!
You kill the sun demon!
Trog accepts your kill.
You feel a little less mighty now.
There is a stone staircase leading up here.
You climb upwards.
There is a stone staircase leading down here.
Magic restored.
There is a shaft here.
A shadow demon comes into view.
You completely miss the shadow demon. You impale the shadow demon!!
The shadow demon is moderately wounded.
You block the shadow demon's attack.
You impale the shadow demon!!
The shadow demon is poisoned.
The shadow demon is severely wounded.
You block the shadow demon's attack.
You bludgeon the shadow demon!!
You kill the shadow demon!
Trog accepts your kill.
There is a staircase leading out of the dungeon here.
You have escaped!

.)##.#### #.######.#.#.# #.##.
.....# #.# ####.#.#.###.##.
#.##.##### #.# #...............
.........#####.# #.##.#.#.#......
####.#.......#.###.##.#.#.##...#.
#.#.#.###.#........#.#.###.##. ##
####################..........
.########.........# #######.###
.....^..........@.##### ##'##
##########........#^.># ##...##
##........##### ##.>...# #
##...#.....##.# ##....... #####
##...###....##.####........
'...###...## ##.####....'........
######...## #.# #.####........ #
#...### #.###### ##.......
#.....# #....# ##.....#


There were no monsters in sight!

Vanquished Creatures
  5 dread liches
  Mara (Depths:2)
  4 orbs of fire
  A juggernaut (Depths:3)
  A shard shrike (IceCv)
  3 Killer Klowns (Zot:5)
  Vashnia (Snake:4)
  A curse toe (Zot:4)
  Xtahua (Vaults:3)
  14 golden dragons
  the Enchantress (Depths:2)
  3 electric golems
  A walking crystal tome (Depths:3)
  A Hell Sentinel (D:3)
  A lich (Depths:3)
  13 tentacled monstrosities
  A walking earthen tome (Depths:3)
  2 deep elf blademasters
  20 Orb Guardians
  4 quicksilver dragons
  Asterion (Depths:1)
  4 deep elf master archers (Elf:3)
  A walking divine tome (Depths:3)
  10 sphinxes
  6 titans
  4 death cobs
  An ancient champion (Vaults:2)
  Frances (Swamp:2)
  A tengu reaver (Vaults:4)
  13 storm dragons
  Kirke (Snake:2)
  14 shadow dragons
  An azure jelly (Swamp:4)
  Donald (Vaults:2)
  11 draconian monks
  Aizul (Snake:2)
  4 fire giants
  3 nagarajas
  5 frost giants
  4 draconian knights
  2 spectral caustic shrikes (Depths:3)
  Louise (Snake:2)
  5 ghost moths
  9 deep elf sorcerers
  4 draconian annihilators
  A balrug (D:2)
  16 vault wardens
  5 draconian scorchers
  6 draconian shifters
  5 orc warlords
  5 deep elf elementalists (Elf:3)
  A draconian stormcaller (Zot:1)
  14 ironbound preservers
  8 spriggan defenders
  A war gargoyle (Vaults:5)
  16 stone giants
  21 green draconians
  4 ghouls
  3 formless jellyfish
  5 ironbound thunderhulks
  22 very ugly things
  2 vampire knights (Depths:1)
  3 eleionomae
  Azrael (Snake:1)
  6 deep elf annihilators
  A minotaur (Gauntlet)
  16 white draconians
  8 yellow draconians
  2 spark wasps
  10 red draconians
  14 black draconians
  A bunyip (shapeshifter) (Elf:3)
  5 bunyips
  10 deep elf demonologists
  13 purple draconians
  A halazid warlock (Desolation)
  9 dire elephants
  A blizzard demon (Gauntlet)
  6 deep elf death magi
  7 ettins
  Snorg (Orc:2)
  6 fire dragons
  2 entropy weavers (Vaults:2)
  Josephine (D:11)
  9 deep elf high priests
  An entropy weaver (shapeshifter) (D:9)
  5 ragged hierophants
  3 crystal guardians (Desolation)
  7 servants of whispers (Desolation)
  27 vault guards
  15 yaktaur captains
  11 great orbs of eyes
  7 peacekeepers
  A rakshasa (Depths:2)
  7 spriggan air magi
  2 salamander tyrants
  5 ghost crabs
  10 hydras
  11 ice dragons
  14 anacondas
  10 ironbound frosthearts
  2 ogre magi
  16 centaur warriors
  6 boulder beetles
  24 dancing weapons
  A two-headed ogre (shapeshifter) (Vaults:5)
  5 deep troll shamans
  8 two-headed ogres
  A tengu warrior (D:14)
  A vampire mage (Vaults:2)
  8 alligators
  9 deep troll earth magi
  4 orc high priests
  11 naga warriors
  16 naga sharpshooters
  8 shock serpents
  7 spriggan berserkers
  2 occultists
  3 sun demons (D:2)
  17 hell knights
  26 deep elf knights
  A titan skeleton (Depths:3)
  3 sixfirhies
  2 salamander mystics
  3 swamp dragons
  2 flayed ghosts
  6 goliath frogs
  3 iron trolls
  35 deep trolls
  3 death drakes
  4 glowing orange brains
  A swamp dragon (shapeshifter) (Vaults:5)
  5 spriggan druids
  9 naga ritualists
  An orange crystal statue (IceCv)
  A glowing orange brain (shapeshifter) (Vaults:5)
  A shadow demon (D:1)
  13 bog bodies
  10 deep elf archers
  13 lindwurms
  6 necromancers
  7 arcanists
  9 orc knights
  A phantasmal warrior (Vaults:5)
  19 ironbound convokers
  36 deep elf zephyrmancers
  30 deep elf pyromancers
  10 orc sorcerers
  A wolf spider (D:11)
  6 will-o-the-wisps
  41 ugly things
  2 cyclopes
  6 mana vipers
  20 salamanders
  3 manticores
  14 guardian serpents
  23 moths of wrath
  An iron dragon skeleton (Depths:3)
  A rust devil (Gauntlet)
  6 elephants (Lair:3)
  39 black mambas
  A black mamba (shapeshifter) (Elf:1)
  A smoke demon (Depths:1)
  21 vault sentinels
  2 gargoyles
  Joseph (D:9)
  4 kobold blastminers (Orc:2)
  7 cane toads
  3 molten gargoyles
  12 naga magi
  A storm dragon simulacrum (Depths:3)
  A hellion (Depths:3)
  A yaktaur (shapeshifter) (D:13)
  An unseen horror (D:11)
  18 rime drakes
  A guardian serpent (shapeshifter) (D:14)
  44 yaktaurs
  Jeremiah (D:6)
  A kobold demonologist (D:11)
  2 tengu conjurers
  A tormentor (Depths:3)
  11 freezing wraiths
  2 efreet
  8 komodo dragons
  2 bloated husks (Swamp:2)
  A golden dragon simulacrum (Depths:3)
  A meliai (shapeshifter) (D:14)
  A meliai (D:11)
  10 trolls
  21 polar bears
  19 hornets
  13 tyrant leeches
  A snapping turtle (shapeshifter) (D:15)
  Grinder (D:6)
  65 saltlings
  11 blink frogs
  Sigmund (D:3)
  7 air elementals
  A stone giant simulacrum (Vaults:4)
  2 ynoxinuls (Gauntlet)
  2 shadows
  27 slime creatures
  35 spriggans
  4 water elementals
  2 fire bats (Volcano)
  2 vampires (D:8)
  6 wraiths
  4 wyverns
  31 fire elementals
  3 steam dragons
  32 yaks
  5 basilisks
  4 hogs (Snake:2)
  Grum (D:8)
  2 redbacks
  3 swamp worm simulacra (Swamp:4)
  A redback (shapeshifter) (Depths:3)
  15 vampire mosquitoes
  A warg (Orc:1)
  A human simulacrum (Vaults:4)
  20 swamp worms
  2 acid dragons
  30 nagas
  15 hydra simulacra (Swamp:4)
  An acid dragon (shapeshifter) (Elf:1)
  15 water moccasins
  3 hell hounds (Snake:2)
  2 swamp drakes (Swamp:3)
  37 orc warriors
  4 sky beasts
  An ice beast (Vaults:4)
  7 black bears
  8 boggarts
  A tengu (shapeshifter) (Elf:1)
  6 ogres
  26 wolves
  A centaur (shapeshifter) (D:15)
  15 centaurs
  2 kobold brigands
  2 phantoms (D:6)
  3 scorpions
  3 gnoll sergeants
  13 bullfrogs
  5 earth elementals
  2 necrophages
  A wyvern zombie (D:6)
  12 wights
  7 killer bees
  3 howler monkeys
  6 electric eels
  9 lava snakes (Volcano)
  2 centaur zombies (D:6)
  4 iron imps (Gauntlet)
  13 orc priests
  A gnoll bouda (D:9)
  6 hounds
  11 jellies
  A bullfrog skeleton (D:6)
  Jessica (D:3)
  2 sleepcaps
  4 hell rats (Lair:3)
  An iguana (D:5)
  Ijyb (D:3)
  28 orc wizards
  A killer bee zombie (D:6)
  14 gnolls
  6 adders
  A howler monkey skeleton (D:6)
  A shadow imp (D:7)
  2 white imps (Gauntlet)
  5 swamp drake simulacra (Swamp:4)
  A worm (D:4)
  A dart slug (D:3)
  84 orcs
  A bat (D:2)
  7 endoplasms
  3 giant cockroaches
  15 goblins
  7 hobgoblins
  3 jackals (D:1)
  15 kobolds
  3 quokkas
  7 ball pythons
  5 rats
  A spectral orc (D:13)
2166 creatures vanquished.

Vanquished Creatures (collateral kills)
  2 ancient liches (Zot:5)
  Bai Suzhen (Snake:4)
  A golden dragon (Depths:4)
  5 tentacled monstrosities
  Mlioglotl (Swamp:4)
  A lich (Depths:4)
  2 titans
  2 Orb Guardians (Zot:5)
  A sphinx (Vaults:4)
  A death cob (Zot:3)
  A shadow dragon (Zot:3)
  2 tengu reavers (Vaults:5)
  A fire giant (Depths:4)
  2 nagarajas (Snake:4)
  3 storm dragons
  2 fenstrider witches (Swamp:2)
  A vault warden (Vaults:2)
  2 deep elf sorcerers (Elf:3)
  A draconian shifter (Zot:3)
  2 ironbound preservers
  An ironbound thunderhulk (Vaults:5)
  3 green draconians
  A stone giant (Depths:1)
  A white draconian (Depths:4)
  3 purple draconians
  A black draconian (Depths:4)
  2 deep elf annihilators (Elf:3)
  An ettin (Depths:2)
  2 crystal guardians (Vaults:2)
  A ragged hierophant (Desolation)
  A deep elf high priest (Elf:3)
  2 salamander tyrants
  2 peacekeepers
  A servant of whispers (Desolation)
  A spriggan air mage (Depths:4)
  7 vault guards (Vaults:5)
  2 ironbound frosthearts
  A two-headed ogre (shapeshifter) (Depths:4)
  An alligator (Swamp:4)
  An anaconda (Snake:4)
  A vampire mage (Depths:4)
  A deep troll earth mage (Depths:4)
  A naga warrior (Snake:4)
  An occultist (Depths:2)
  An orc high priest (Elf:2)
  A spriggan berserker (Depths:2)
  A naga sharpshooter (Snake:4)
  A deep elf knight (Elf:2)
  3 iron trolls (Depths:4)
  2 salamander mystics
  3 deep elf archers (Elf:3)
  13 deep trolls
  A steelbarb worm (shapeshifter) (Vaults:5)
  2 ironbound convokers
  2 deep elf zephyrmancers (Elf:3)
  2 orc knights (Vaults:3)
  2 mana vipers
  A phantasmal warrior (Vaults:5)
  A deep elf pyromancer (Elf:3)
  4 salamanders
  2 guardian serpents
  A moth of wrath (Zot:4)
  A black mamba (Snake:4)
  A vault sentinel (Vaults:4)
  A hornet (Depths:2)
  5 slime creatures (Vaults:2)
  A spriggan (Depths:2)
  5 redbacks (Depths:1)
  A swamp worm (Swamp:2)
  2 nagas
  A boggart (Depths:2)
  An orc priest (D:7)
  3 orcs
  A hobgoblin (Bailey)
139 creatures vanquished.

Vanquished Creatures (others)
  A death cob (Zot:3)
  A draconian monk (Depths:4)
  An azure jelly (Swamp:4)
  A draconian knight (Zot:2)
  2 fire giants
  A draconian scorcher (Zot:2)
  A vault warden (Vaults:5)
  A juggernaut zombie (Depths:3)
  A draconian annihilator (Zot:4)
  A bunyip (Swamp:4)
  A red draconian (Zot:5)
  A white draconian (Zot:3)
  A rakshasa (D:9)
  A peacekeeper (Desolation)
  Erica (D:11)
  An anaconda (Snake:4)
  A death drake (Swamp:2)
  2 deep trolls (Vaults:5)
  A deep elf zephyrmancer (Elf:2)
  A will-o-the-wisp (Swamp:2)
  4 bloated husks
  A water elemental (Elf:3)
  A human (Snake:2)
  An orc priest (Orc:2)
  2 orcs
  117 foxfires
148 creatures vanquished.

Grand Total: 2453 creatures vanquished

Notes
Turn   | Place    | Note
-------+----------+-------------------------------------------
     0 | D:1      | Ge0ff the Kobold Cinder Acolyte began the quest for the
                  | Orb.
     0 | D:1      | Reached XP level 1. HP: 14/14 MP: 2/2
   578 | D:1      | Found a faded altar of an unknown god.
   674 | D:1      | Reached XP level 2. HP: 19/19 MP: 4/4
   677 | D:1      | Learned a level 2 spell: Scorch
  1088 | D:2      | Reached skill level 1 in Stealth
  1088 | D:2      | Reached XP level 3. HP: 23/23 MP: 0/5
  2210 | D:3      | Noticed Jessica
  2213 | D:3      | Killed Jessica
  2214 | D:3      | Reached skill level 1 in Ranged Weapons
  2214 | D:3      | Reached XP level 4. HP: 29/29 MP: 1/7
  2214 | D:3      | Reached XP level 5. HP: 33/33 MP: 1/8
  2430 | D:3      | Noticed Sigmund
  2434 | D:3      | Killed Sigmund
  2435 | D:3      | Reached XP level 6. HP: 38/38 MP: 4/10
  2680 | D:3      | Reached skill level 5 in Short Blades
  3198 | D:3      | Noticed Ijyb
  3203 | D:3      | Reached XP level 7. HP: 38/43 MP: 3/12
  3215 | D:3      | Killed Ijyb
  4036 | D:4      | You fall into a shaft and drop 2 floors!
  4053 | D:6      | Reached skill level 5 in Fire Magic
  4225 | D:5      | Entered Level 5 of the Dungeon
  4480 | D:5      | Found Caurianu's Jewellery Emporium.
  4554 | D:5      | Reached XP level 8. HP: 45/48 MP: 9/14
  4837 | D:5      | Reached skill level 1 in Dodging
  4837 | D:5      | Reached skill level 1 in Evocations
  5105 | D:5      | Reached skill level 1 in Armour
  5170 | D:5      | Identified the +5 short sword "Laryuxo" {flame, rF- Int+5
                  | Dex+4}
  5396 | D:5      | Bought an amulet of regeneration for 330 gold pieces
  5594 | D:6      | Found a staircase to the Ecumenical Temple.
  5600 | Temple   | Entered the Ecumenical Temple
  5949 | D:6      | Reached skill level 5 in Ranged Weapons
  6108 | D:6      | Reached XP level 9. HP: 36/53 MP: 11/16
  6179 | D:6      | Reached skill level 5 in Fighting
  6365 | D:6      | Noticed Jeremiah
  6366 | D:6      | Noticed Grinder
  6402 | D:6      | Killed Jeremiah
  6403 | D:6      | Reached skill level 5 in Spellcasting
  6626 | D:6      | Killed Grinder
  6792 | D:6      | Identified 3 scrolls of acquirement
  6792 | D:6      | Acquired 876 gold pieces
  6936 | D:6      | Found a staircase to the Ecumenical Temple.
  8579 | D:7      | Reached skill level 5 in Evocations
  8579 | D:7      | Reached XP level 10. HP: 51/61 MP: 1/17
  8713 | D:7      | Noticed a two-headed ogre
  8717 | D:7      | Killed a two-headed ogre
  8720 | D:7      | Acquired the ring "Acaaps" {rPois rC+ Int+4}
  8723 | D:7      | Acquired 487 gold pieces
  8905 | D:7      | Found Yziemin's Magic Scroll Shop.
  8910 | D:7      | Bought a scroll of identify for 20 gold pieces
  8910 | D:7      | Bought a scroll of identify for 20 gold pieces
  8910 | D:7      | Bought a scroll of poison for 40 gold pieces
  8910 | D:7      | Bought a scroll of fog for 40 gold pieces
  8910 | D:7      | Bought 3 scrolls of immolation for 120 gold pieces
  9125 | D:8      | Found Kesmaisyi's Book Shop.
  9130 | D:8      | Bought an Inescapable Atlas for 208 gold pieces
  9161 | D:8      | Found a flagged portal.
  9296 | Bailey   | Entered a bailey
  9377 | Bailey   | Learned a level 2 spell: Blink
  9379 | Bailey   | Learned a level 1 spell: Apportation
  9383 | Bailey   | Learned a level 3 spell: Inner Flame
  9387 | Bailey   | Learned a level 3 spell: Mephitic Cloud
  9477 | Bailey   | Reached skill level 1 in Conjurations
  9477 | Bailey   | Reached skill level 1 in Air Magic
  9477 | Bailey   | Reached skill level 1 in Poison Magic
  9748 | Bailey   | Noticed an orc knight
  9775 | Bailey   | Killed an orc knight
 10530 | Bailey   | Found an iron altar of Okawaru.
 10531 | Bailey   | Noticed an orc sorcerer
 10531 | Bailey   | Noticed an orc sorcerer
 10535 | Bailey   | Killed an orc sorcerer
 10536 | Bailey   | Killed an orc sorcerer
 10537 | Bailey   | Reached skill level 1 in Hexes
 10537 | Bailey   | Reached skill level 1 in Translocations
 10537 | Bailey   | Reached XP level 11. HP: 67/67 MP: 18/18
 10792 | Bailey   | Reached XP level 12. HP: 72/72 MP: 19/19
 10793 | Bailey   | Acquired 462 gold pieces
 10794 | Bailey   | Acquired the ring of Nifizer {rElec rF+ Str+5}
 11287 | D:8      | Reached skill level 15 in Ranged Weapons
 11320 | D:8      | Noticed Grum
 11324 | D:8      | Killed Grum
 11786 | D:8      | Noticed a two-headed ogre
 11814 | D:8      | Identified the +2 cloak of Dafrowir {rElec Int-3 Dex+5}
 12149 | D:9      | Identified the +2 war axe of Indomitability {antimagic,
                  | Int+5 SInv}
 12226 | D:9      | Noticed a two-headed ogre
 12237 | D:9      | Killed a two-headed ogre
 12436 | D:9      | Found a staircase to the Orcish Mines.
 12465 | D:9      | Found a staircase to the Lair.
 12610 | D:9      | Noticed an entropy weaver
 12613 | D:9      | Killed an entropy weaver
 12678 | D:9      | Noticed a boulder beetle
 12685 | D:9      | Killed a boulder beetle
 12725 | D:9      | Noticed a rakshasa
 12740 | D:10     | Entered Level 10 of the Dungeon
 12909 | D:9      | Killed a rakshasa
 12955 | D:9      | Found a broken altar of Ashenzari.
 12961 | D:9      | Found a white marble altar of Elyvilon.
 13180 | D:9      | Identified the staff "Raisin" {rC- Str+5 Int+3 Hexes Summ
                  | Earth}
 13298 | D:9      | Noticed Joseph
 13307 | D:9      | Killed Joseph
 13623 | D:10     | Reached XP level 13. HP: 50/79 MP: 6/20
 13827 | D:10     | Reached skill level 5 in Dodging
 14697 | D:11     | Noticed Josephine
 14703 | D:11     | Killed Josephine
 14876 | D:11     | Noticed Erica
 14889 | D:11     | Your ally Erica died
 14937 | D:11     | Reached skill level 10 in Fighting
 15720 | D:12     | Noticed an orc warlord
 15753 | D:12     | Gained mutation: You passively map a small area around you.
                  | [potion of mutation]
 15753 | D:12     | Gained mutation: You are strong-willed. (Will+) [potion of
                  | mutation]
 15868 | Lair:1   | Entered Level 1 of the Lair of Beasts
 16675 | Lair:1   | Identified the +0 leather armour of Impatience {Dex+6}
 16966 | Lair:2   | Found a staircase to the Snake Pit.
 17000 | Lair:2   | Found a dark tunnel.
 17006 | Volcano  | Entered a volcano
 17739 | Volcano  | Found a radiant altar of Vehumet.
 17791 | Volcano  | Noticed a stone giant
 17803 | Volcano  | Killed a stone giant
 18505 | Lair:2   | Reached skill level 1 in Throwing
 18516 | Lair:2   | Reached XP level 14. HP: 45/90 MP: 11/21
 18643 | Lair:2   | Found a staircase to the Swamp.
 20978 | Lair:4   | Identified the +1 mace of Valour {antimagic, Stlth+}
 21102 | Lair:4   | Identified the +7 quarterstaff of the Irksome God {flame,
                  | rElec Will- Str+5 SInv}
 21541 | Lair:5   | Entered Level 5 of the Lair of Beasts
 21553 | Lair:5   | Found a gate leading to a gauntlet.
 21581 | Gauntlet | Entered a Gauntlet
 21581 | Gauntlet | Found a transporter.
 21596 | Gauntlet | Found a transporter.
 21613 | Gauntlet | Found a runed translucent door.
 21626 | Gauntlet | Found a transporter.
 21635 | Gauntlet | Found a transporter.
 21652 | Gauntlet | Found a transporter.
 21654 | Gauntlet | Noticed a balrug
 21657 | Gauntlet | Found a transporter.
 21678 | Gauntlet | Found a transporter.
 21680 | Gauntlet | Found a transporter.
 21692 | Gauntlet | Found a transporter.
 21739 | Gauntlet | Found a transporter.
 21755 | Gauntlet | Found a runed translucent door.
 21763 | Gauntlet | Found a runed translucent gate.
 21772 | Gauntlet | Found a runed translucent gate.
 21773 | Gauntlet | Found a runed translucent gate.
 21790 | Gauntlet | Found a transporter.
 21800 | Gauntlet | Found a transporter.
 21812 | Gauntlet | Found a transporter.
 21983 | Gauntlet | Identified the +3 hand axe "Igaulux" {drain, rF+ rN+ Dex-2}
 22072 | Gauntlet | Identified the ring "Teunaa" {rPois rCorr MP+9 Dex+2}
 22137 | Gauntlet | Identified the +6 eveningstar "Kobold's Regret" {venom,
                  | rPois rN+ Will+ Dex+6}
 22137 | Gauntlet | Identified the ring of Baolyudu {rN+ Int+3 Dex-3 Stlth+}
 22137 | Gauntlet | Noticed a minotaur
 22147 | Gauntlet | Killed a minotaur
 22148 | Gauntlet | Reached skill level 10 in Dodging
 22151 | Gauntlet | Found the +9 staff of Olgreb {rPois∞}
 22156 | Gauntlet | Got Sif Muna's Treatise on the Cooperative Tesseract
 22248 | Lair:5   | Reached skill level 1 in Maces & Flails
 22456 | Lair:5   | Reached skill level 5 in Maces & Flails
 22726 | Lair:5   | Reached XP level 15. HP: 89/96 MP: 22/22
 23425 | Lair:5   | Found a viscous altar of Jiyva.
 23426 | Lair:5   | Found a staircase to the Slime Pits.
 23466 | Lair:5   | Reached skill level 10 in Maces & Flails
 24404 | Temple   | Fell from the grace of Ignis
 24404 | Temple   | Became a worshipper of Trog the Wrathful
 25213 | D:12     | Reached skill level 1 in Shields
 25627 | D:12     | You fall into a shaft and drop 2 floors!
 26312 | D:13     | Reached * piety under Trog
 27059 | D:12     | Killed an orc warlord
 27630 | D:13     | Found a basalt altar of Yredelemnul.
 27844 | D:14     | Found a shadowy altar of Dithmenos.
 28764 | D:14     | Paralysed by an air elemental for 1 turns
 28923 | D:14     | Reached XP level 16. HP: 101/101 MP: 23/23
 29068 | D:14     | Found a gate to the Vaults.
 29268 | D:14     | Reached skill level 5 in Shields
 29274 | D:15     | Entered Level 15 of the Dungeon
 29375 | D:15     | Reached ** piety under Trog
 29381 | D:15     | Found a frozen archway.
 29451 | IceCv    | Entered an ice cave
 30734 | IceCv    | Noticed a shard shrike
 30750 | IceCv    | Killed a shard shrike
 30755 | IceCv    | Reached *** piety under Trog
 30756 | IceCv    | Was forgiven by Ignis
 30807 | IceCv    | Identified the +2 trident "Unoam" {venom, rElec rC+}
 31661 | D:15     | Found a staircase to the Depths.
 31857 | D:15     | Reached skill level 15 in Maces & Flails
 32354 | Orc:1    | Entered Level 1 of the Orcish Mines
 32473 | Orc:1    | Reached skill level 1 in Invocations
 32566 | Orc:1    | Found Jemuu's Jewellery Boutique.
 32602 | Orc:1    | Reached **** piety under Trog
 32847 | Orc:2    | Entered Level 2 of the Orcish Mines
 33037 | Orc:2    | Reached XP level 17. HP: 104/109 MP: 24/24
 33472 | Orc:2    | Noticed Snorg
 33476 | Orc:2    | Found a staircase to the Elven Halls.
 33484 | Orc:2    | Killed Snorg
 33763 | Orc:2    | Reached ***** piety under Trog
 34480 | Orc:2    | Found Puafu's General Store.
 34480 | Orc:2    | Found Womouly's Antique Weapon Shoppe.
 34495 | Orc:2    | Found Hethus's Magic Scroll Shoppe.
 34495 | Orc:2    | Found Riluiw's Antique Weapon Shop.
 34516 | Orc:2    | Bought a scroll of poison for 68 gold pieces
 34516 | Orc:2    | Bought a scroll of poison for 68 gold pieces
 34516 | Orc:2    | Bought a scroll of blinking for 127 gold pieces
 34516 | Orc:2    | Bought a scroll of poison for 68 gold pieces
 34519 | Orc:2    | Bought 4 darts of dispersal for 46 gold pieces
 34630 | Snake:1  | Entered Level 1 of the Snake Pit
 34649 | Snake:1  | Found a radiant altar of Vehumet.
 34882 | Snake:1  | Found Mitwiwn's Distillery.
 35420 | Snake:1  | Reached skill level 15 in Fighting
 35985 | Snake:2  | Identified the +0 robe of Elitism {rElec Dex+2 Archmagi}
 36291 | Snake:2  | Noticed Azrael
 36302 | Snake:2  | Identified the serpent talisman "Zoharch" {rPois rCorr
                  | Dex-4 Slay+2}
 36302 | Snake:2  | Noticed Aizul
 36309 | Snake:1  | Killed Azrael
 36396 | Snake:2  | Noticed Kirke
 36413 | Snake:2  | Killed Kirke
 36552 | Snake:2  | Reached skill level 5 in Armour
 36936 | Snake:2  | Killed Aizul
 37204 | Snake:2  | Reached XP level 18. HP: 120/120 MP: 25/25
 37302 | Snake:1  | Bought a potion of might for 52 gold pieces
 37302 | Snake:1  | Bought a potion of might for 52 gold pieces
 37302 | Snake:1  | Bought a potion of berserk rage for 65 gold pieces
 37302 | Snake:1  | Bought a potion of berserk rage for 65 gold pieces
 37302 | Snake:1  | Bought a potion of curing for 39 gold pieces
 37302 | Snake:1  | Bought a potion of enlightenment for 65 gold pieces
 37302 | Snake:1  | Bought a potion of attraction for 39 gold pieces
 37302 | Snake:1  | Bought 2 potions of mutation for 208 gold pieces
 37437 | Snake:2  | Noticed Louise
 37458 | Snake:2  | Killed Louise
 38910 | Snake:3  | Found Xythih's Distillery.
 38915 | Snake:3  | Bought a potion of degeneration for 18 gold pieces
 39259 | Snake:3  | Reached skill level 5 in Throwing
 39450 | Snake:4  | Entered Level 4 of the Snake Pit
 39629 | Snake:4  | Received a gift from Trog
 40360 | Snake:4  | Noticed Bai Suzhen
 40366 | Snake:4  | Killed Bai Suzhen
 40793 | Snake:4  | Reached XP level 19. HP: 128/128 MP: 26/26
 41201 | Snake:4  | Received a gift from Trog
 41209 | Snake:4  | Noticed Vashnia
 41534 | Snake:4  | Killed Vashnia
 41812 | Snake:4  | Got a serpentine rune of Zot
 42042 | Swamp:1  | Entered Level 1 of the Swamp
 43070 | Swamp:2  | Identified the +8 hand axe of Dulystri {drain, rElec}
 43496 | Swamp:2  | Received a gift from Trog
 44242 | Swamp:2  | Noticed Frances
 44273 | Swamp:2  | Killed Frances
 45121 | Swamp:3  | Reached skill level 5 in Invocations
 45254 | Swamp:3  | Reached XP level 20. HP: 134/134 MP: 27/27
 45667 | Swamp:3  | Reached skill level 10 in Evocations
 45915 | Swamp:4  | Entered Level 4 of the Swamp
 46345 | Swamp:4  | Noticed Mlioglotl
 46355 | Swamp:4  | Killed Mlioglotl
 47065 | Swamp:4  | Got a decaying rune of Zot
 47453 | Elf:1    | Entered Level 1 of the Elven Halls
 47492 | Elf:1    | Found a radiant altar of Vehumet.
 47506 | Elf:1    | Paralysed by an air elemental for 1 turns
 47590 | Elf:1    | Identified the +10 mace of Adous {flame, *Rage Fly Dex+3}
                  | (Trog gifted it to you on level 1 of the Elven Halls)
 47590 | Elf:1    | Received a gift from Trog
 48315 | Elf:1    | Identified the +10 falchion of Sin {drain, rPois rN+}
 48422 | Elf:1    | Received a gift from Trog
 48792 | Elf:1    | Paralysed by an air elemental for 1 turns
 49283 | Elf:2    | Found Relurido's Book Shoppe.
 49283 | Elf:2    | Found Midyfol's Book Shoppe.
 49284 | Elf:2    | Found Rojelat's Jewellery Shop.
 49672 | Elf:2    | Found a runed translucent gate.
 49679 | Elf:2    | Found a runed translucent gate.
 49680 | Elf:2    | Found a runed translucent gate.
 49991 | Elf:2    | Paralysed by an air elemental for 1 turns
 50076 | Elf:2    | Reached XP level 21. HP: 80/139 MP: 20/28
 50218 | Elf:2    | Found a runed translucent gate.
 50218 | Elf:2    | Found a runed translucent gate.
 50218 | Elf:2    | Found a runed translucent gate.
 50218 | Elf:2    | Found a runed translucent gate.
 50219 | Elf:2    | Found a runed translucent gate.
 50223 | Elf:2    | Found a runed translucent gate.
 50758 | Elf:2    | Received a gift from Trog
 51806 | Elf:3    | Entered Level 3 of the Elven Halls
 52115 | Elf:3    | Noticed a Tzitzimitl
 52279 | Elf:3    | Found an ancient bone altar of Kikubaaqudgha.
 53083 | Elf:3    | Reached skill level 10 in Armour
 53110 | Elf:3    | Identified the +5 war axe of Equivalence {antimagic, Dex+3}
 53143 | Elf:3    | Reached skill level 10 in Shields
 53171 | Elf:3    | Received a gift from Trog
 53581 | Elf:3    | Reached skill level 10 in Throwing
 53605 | Elf:3    | Identified the +5 sling of Blood {flame, rElec rN+ Dex+3}
 53755 | Elf:3    | Noticed a Brimstone Fiend
 53756 | Elf:3    | Reached XP level 22. HP: 144/144 MP: 29/29
 53761 | Elf:3    | Identified the +0 long sword of Hacking and Slashing
                  | {protect, Will+}
 53899 | Elf:3    | Identified the +7 flail of Extermination {distort, Int+2
                  | Stlth+}
 54283 | Elf:2    | Received a gift from Trog
 54433 | Orc:1    | Bought the ring "Agaess" {rC+ rN+ Will++ Dex+6 Stlth-} for
                  | 801 gold pieces
 54653 | Vaults:1 | Entered Level 1 of the Vaults
 54668 | Vaults:1 | Found a crumbling gateway.
 54688 | Desolati | Entered the Desolation of Salt
 55027 | Desolati | Identified the ring "Eleicip" {Will+ rCorr}
 55319 | Desolati | Found the +7 Spriggan's Knife {stab, EV+4 Stlth+}
 55406 | Desolati | Received a gift from Trog
 55528 | Desolati | Identified the +3 scale mail of Lust {Fly rF+ Int+2 Slay-6}
 55621 | Desolati | Identified the +3 war axe of Patterns {antimagic, Dex+5}
 55757 | Desolati | Identified the +12 shortbow of Fedhas's Fury {freeze, rElec
                  | rCorr}
 56050 | Desolati | Identified the amulet "Tuithr Qixoz" {Spirit Will+ Regen+}
 56586 | Vaults:1 | Received a gift from Trog
 56710 | Vaults:1 | Reached ****** piety under Trog
 56925 | Vaults:1 | Reached XP level 23. HP: 149/149 MP: 30/30
 57259 | D:7      | Bought a scroll of fog for 40 gold pieces
 57259 | D:7      | Bought a scroll of enchant armour for 75 gold pieces
 57259 | D:7      | Bought a scroll of enchant armour for 75 gold pieces
 57259 | D:7      | Bought a scroll of enchant armour for 75 gold pieces
 57524 | Vaults:1 | Reached skill level 10 in Invocations
 57846 | Vaults:2 | Found Zuimpolo's Antique Weapon Shop.
 57851 | Vaults:2 | Noticed Mennas
 58083 | Vaults:2 | Received a gift from Trog
 58493 | Vaults:2 | Noticed Donald
 58499 | Vaults:2 | Killed Donald
 58931 | Vaults:2 | Found a staircase to the Crypt.
 59618 | Vaults:3 | Received a gift from Trog
 60044 | D:7      | Bought a scroll of enchant weapon for 75 gold pieces
 60710 | Vaults:3 | Found Ucic's Magic Scroll Shoppe.
 60740 | Vaults:3 | Bought a scroll of blinking for 157 gold pieces
 60740 | Vaults:3 | Bought a scroll of fog for 84 gold pieces
 60740 | Vaults:3 | Bought 3 scrolls of immolation for 252 gold pieces
 60763 | Vaults:3 | Identified the +4 long sword of Tedaas {protect, Drain rC+
                  | Str+2}
 60891 | Vaults:3 | Noticed Xtahua
 60909 | Vaults:3 | Killed Xtahua
 60992 | Vaults:3 | Reached skill level 15 in Dodging
 61437 | Vaults:3 | Identified the +1 scale mail of Koracoho {rC+ rCorr Str-3}
 61836 | Depths:1 | Entered Level 1 of the Depths
 61940 | Depths:1 | Found a one-way gate to the infinite horrors of the Abyss.
 61973 | Depths:1 | Reached XP level 24. HP: 156/156 MP: 31/31
 62286 | Depths:1 | Noticed Asterion
 62295 | Depths:1 | Killed Asterion
 62353 | Depths:1 | Found a gateway to Hell.
 62948 | Depths:2 | Noticed the Enchantress
 62966 | Depths:2 | Received a gift from Trog
 62989 | Depths:2 | Killed the Enchantress
 62998 | Depths:2 | Noticed Mara
 63025 | Depths:2 | Killed Mara
 63198 | Depths:2 | Reached skill level 15 in Evocations
 63597 | Depths:2 | Found a transporter.
 63703 | Depths:2 | Found a one-way gate leading to the halls of Pandemonium.
 64051 | Depths:2 | Found a shimmering blue altar of Sif Muna.
 64054 | Depths:2 | Identified the +2 scale mail "Ratomeneku" {rPois rCorr
                  | Str+4 Dex-5}
 64061 | Depths:2 | Identified the ring of Ru's Indignation {rN+ SInv}
 64218 | Depths:2 | Found a transporter.
 65216 | Depths:3 | Found Ujof's Antique Armour Shop.
 65217 | Depths:3 | Found Lehe's Antique Weapon Boutique.
 65218 | Depths:3 | Found Jifituel's Armour Shop.
 65527 | Depths:3 | Found a one-way gateway to a ziggurat.
 65831 | Depths:3 | Reached XP level 25. HP: 160/160 MP: 32/32
 66384 | Depths:3 | Identified the +0 chain mail of Raapihy {Drain rF- rN+++
                  | Regen+}
 66922 | Depths:3 | Noticed a juggernaut
 66938 | Depths:3 | Killed a juggernaut
 67565 | Depths:4 | Entered Level 4 of the Depths
 67705 | Depths:4 | Received a gift from Trog
 68037 | Depths:4 | Identified the +7 plate armour of the Tundras {Rampage rF+
                  | rN+ Int+3}
 68206 | Depths:4 | Reached skill level 15 in Invocations
 68815 | Depths:4 | Reached XP level 26. HP: 166/166 MP: 34/34
 69169 | Depths:4 | Found a gate to the Realm of Zot.
 69278 | Depths:4 | Reached skill level 15 in Armour
 69339 | Depths:4 | Identified the +4 scale mail of Slimy Creativity {rF+ MP+9}
 69888 | Vaults:4 | Received a gift from Trog
 70843 | Vaults:4 | Received a gift from Trog
 70844 | Vaults:4 | Reached skill level 15 in Shields
 71153 | Vaults:4 | Found Ujent's Antique Armour Emporium.
 71330 | Vaults:5 | Entered Level 5 of the Vaults
 71965 | Vaults:5 | Identified the +1 scale mail of Zidocef {Contam rF+ rN+
                  | Slay+6}
 72019 | Vaults:5 | Identified the +8 falchion of Liopn {heavy, *Rage rElec
                  | Will+++ Stlth+}
 72060 | Vaults:5 | Reached XP level 27. HP: 171/171 MP: 35/35
 72320 | Vaults:5 | Identified the +0 leather armour of a sewer {-Cast Dex+4
                  | SInv}
 72448 | Vaults:5 | Identified the staff of Risk Management {+Blink rC+ rCorr
                  | Int-3 Ice}
 72593 | Vaults:5 | Found Suugevor's Distillery.
 72598 | Vaults:5 | Bought 2 potions of might for 160 gold pieces
 72598 | Vaults:5 | Bought a potion of mutation for 160 gold pieces
 72598 | Vaults:5 | Bought a potion of heal wounds for 100 gold pieces
 72598 | Vaults:5 | Bought 2 potions of haste for 400 gold pieces
 72598 | Vaults:5 | Bought a potion of invisibility for 160 gold pieces
 72598 | Vaults:5 | Bought 2 potions of heal wounds for 200 gold pieces
 72598 | Vaults:5 | Bought a potion of curing for 60 gold pieces
 72598 | Vaults:5 | Bought a potion of might for 80 gold pieces
 72622 | Vaults:5 | Received a gift from Trog
 73287 | Vaults:5 | Identified the +1 ring mail "Zogecu" {Dex+5}
 73370 | Vaults:5 | Got a silver rune of Zot
 73800 | Orc:2    | Bought a scroll of vulnerability for 52 gold pieces
 73800 | Orc:2    | Bought a potion of curing for 39 gold pieces
 73968 | Snake:3  | Bought a potion of attraction for 54 gold pieces
 73968 | Snake:3  | Bought a potion of berserk rage for 90 gold pieces
 73968 | Snake:3  | Bought a potion of might for 72 gold pieces
 73968 | Snake:3  | Bought a potion of curing for 54 gold pieces
 73968 | Snake:3  | Bought a potion of might for 72 gold pieces
 73968 | Snake:3  | Bought a potion of enlightenment for 90 gold pieces
 73968 | Snake:3  | Bought a potion of haste for 180 gold pieces
 73968 | Snake:3  | Bought a potion of mutation for 144 gold pieces
 74364 | Zot:1    | Entered Level 1 of the Realm of Zot
 74816 | Zot:2    | Received a gift from Trog
 74817 | Zot:2    | Reached skill level 5 in Stealth
 76106 | Zot:3    | Reached skill level 10 in Stealth
 76983 | Zot:3    | Received a gift from Trog
 77230 | Zot:4    | Noticed an orb of fire
 77433 | Zot:4    | Gained mutation: You are dopey. (Int -2) [an orb of fire]
 77453 | Zot:4    | Killed an orb of fire
 77869 | Zot:4    | Reached skill level 15 in Throwing
 77925 | Zot:4    | Identified the +11 flail of Tush {flame, rPois Will+}
 78015 | Zot:4    | Identified the +0 ring mail of Panentheism {Drain rCorr
                  | Dex+2 SInv}
 78271 | Zot:5    | Entered Level 5 of the Realm of Zot
 79721 | Zot:5    | Noticed a dread lich
 79785 | Zot:5    | Noticed an orb of fire
 79816 | Zot:5    | Gained mutation: Armour fits poorly on your strangely
                  | shaped body. [an orb of fire]
 79828 | Zot:5    | Killed an orb of fire
 79834 | Zot:5    | Killed a dread lich
 79839 | Zot:5    | Noticed a dread lich
 79849 | Zot:5    | Killed a dread lich
 79853 | Zot:5    | Noticed an orb of fire
 79862 | Zot:5    | Gained mutation: Your magical capacity is low. (-10% MP)
                  | [an orb of fire]
 79864 | Zot:5    | Gained mutation: Your body sometimes deteriorates upon
                  | taking damage. [an orb of fire]
 79909 | Zot:5    | Killed an orb of fire
 79922 | Zot:5    | Noticed a dread lich
 79924 | Zot:5    | Noticed an ancient lich
 79952 | Zot:4    | Killed a dread lich
 79953 | Zot:4    | Reached skill level 15 in Stealth
 79961 | Zot:4    | Lost mutation: You are dopey. (Int -2) [potion of mutation]
 79961 | Zot:4    | Lost mutation: Your magical capacity is low. (-10% MP)
                  | [potion of mutation]
 79961 | Zot:4    | Lost mutation: Your body sometimes deteriorates upon taking
                  | damage. [potion of mutation]
 79961 | Zot:4    | Gained mutation: You are highly strong-willed. (Will++)
                  | [potion of mutation]
 79961 | Zot:4    | Gained mutation: Your flesh is heat resistant. (rF+)
                  | [potion of mutation]
 80380 | Zot:5    | Noticed an orb of fire
 80389 | Zot:5    | Noticed a Killer Klown
 80399 | Zot:5    | Noticed a dread lich
 80400 | Zot:5    | Killed an ancient lich
 80404 | Zot:5    | Noticed an ancient lich
 80406 | Zot:5    | Gained mutation: You are occasionally teleported next to
                  | monsters. [an orb of fire]
 80410 | Zot:5    | Killed an orb of fire
 80416 | Zot:5    | Killed a dread lich
 80425 | Zot:5    | Killed an ancient lich
 80469 | Zot:5    | Noticed a Killer Klown
 80477 | Zot:5    | Noticed a Killer Klown
 80498 | Zot:5    | Killed a Killer Klown
 80498 | Zot:5    | Received a gift from Trog
 80510 | Zot:5    | Killed a Killer Klown
 80517 | Zot:5    | Noticed an orb of fire
 80519 | Zot:5    | Gained mutation: You are clumsy. (Dex -2) [an orb of fire]
 80529 | Zot:5    | Gained mutation: Your body sometimes deteriorates upon
                  | taking damage. [an orb of fire]
 80578 | Zot:5    | Killed a Killer Klown
 80631 | Zot:5    | Noticed a dread lich
 80646 | Zot:5    | Killed a dread lich
 80688 | Zot:5    | Got the Orb of Zot
 80694 | Zot:5    | Lost mutation: Your flesh is heat resistant. (rF+) [potion
                  | of mutation]
 80694 | Zot:5    | Lost mutation: You passively map a small area around you.
                  | [potion of mutation]
 80694 | Zot:5    | Gained mutation: Your health recovers twice as slowly from
                  | being drained. [potion of mutation]
 80694 | Zot:5    | Gained mutation: You are somewhat resistant to further
                  | mutation. [potion of mutation]
 80695 | Zot:5    | Lost mutation: Armour fits poorly on your strangely shaped
                  | body. [potion of mutation]
 80695 | Zot:5    | Lost mutation: You are occasionally teleported next to
                  | monsters. [potion of mutation]
 80695 | Zot:5    | Lost mutation: You are clumsy. (Dex -2) [potion of
                  | mutation]
 80696 | Zot:5    | Lost mutation: You are somewhat resistant to further
                  | mutation. [potion of mutation]
 80696 | Zot:5    | Lost mutation: Your body sometimes deteriorates upon taking
                  | damage. [potion of mutation]
 80696 | Zot:5    | Gained mutation: Your mind is acute. (Int +4, Str/Dex -1)
                  | [potion of mutation]
 80696 | Zot:5    | Gained mutation: Your body sometimes deteriorates upon
                  | taking damage. [potion of mutation]
 80696 | Zot:5    | Gained mutation: You are frail. (-10% HP) [potion of
                  | mutation]
 80697 | Zot:5    | Lost mutation: Your mind is acute. (Int +4, Str/Dex -1)
                  | [potion of mutation]
 80697 | Zot:5    | Lost mutation: Your health recovers twice as slowly from
                  | being drained. [potion of mutation]
 80697 | Zot:5    | Gained mutation: You are vulnerable to heat. (rF-) [potion
                  | of mutation]
 80698 | Zot:5    | Lost mutation: Your body sometimes deteriorates upon taking
                  | damage. [potion of mutation]
 80698 | Zot:5    | Lost mutation: You are highly strong-willed. (Will++)
                  | [potion of mutation]
 80698 | Zot:5    | Gained mutation: You expend magic power (3 MP) to
                  | strengthen your wands. [potion of mutation]
 80699 | Zot:5    | Lost mutation: You expend magic power (3 MP) to strengthen
                  | your wands. [potion of mutation]
 80699 | Zot:5    | Lost mutation: You are vulnerable to heat. (rF-) [potion of
                  | mutation]
 80699 | Zot:5    | Gained mutation: Armour fits poorly on your strangely
                  | shaped body. [potion of mutation]
 80700 | Zot:5    | Lost mutation: You are frail. (-10% HP) [potion of
                  | mutation]
 80700 | Zot:5    | Lost mutation: You are strong-willed. (Will+) [potion of
                  | mutation]
 80700 | Zot:5    | Lost mutation: Armour fits poorly on your strangely shaped
                  | body. [potion of mutation]
 80700 | Zot:5    | Gained mutation: You are somewhat resistant to further
                  | mutation. [potion of mutation]
 80700 | Zot:5    | Gained mutation: Your muscles are strong. (Str +4, Int/Dex
                  | -1) [potion of mutation]
 81137 | D:9      | Noticed Caumorer the pandemonium lord
 81345 | D:$      | Escaped with the Orb!

Illustrated notes

Levels and vault maps discovered:
D:1:      elethiomel_arrival_shortcut, layout_loops_corners,
          shapermc_ecumenical_altar_mp_vishouse
D:2:      layout_rooms, nicolae_hexahallways
D:3:      layout_loops_ring, minmay_misc_feat_enclosed, kennysheep_potato,
          uniq_ijyb, uniq_sigmund, uniq_jessica
D:4:      layout_basic
D:5:      layout_rooms, serial_shops, nicolae_shop_advertising_works
          [nicolae_subvault_shop_adworks], kennysheep_generic_room_10
D:6:      layout_cave_pods, minmay_temple_entry_enclosed_plants, serial_undead,
          serial_undead_c, serial_undead_b, serial_undead_c, serial_undead_b,
          serial_undead_d, serial_undead_e, uniq_jeremiah, uniq_grinder
D:7:      layout_basic, serial_shops, shop, solitary_fountain
D:8:      layout_basic, serial_library, serial_library_hellmonk_open_square,
          serial_library_hellmonk_junction,
          serial_library_regret_index_branch_corner,
          serial_library_hellmonk_secret_room,
          serial_library_regret_index_multi,
          serial_library_regret_index_double_sided,
          serial_library_regret_index_small_wings,
          serial_library_hellmonk_metal_room, enter_bailey_5, serial_shops,
          nicolae_shop_stone, uniq_grum
D:9:      layout_roguey, amethyst_overflow_temple_binary, dpeg_oklobed_lair,
          orc_0_dummy, minmay_pinched_square, uniq_joseph
D:10:     layout_rooms, serial_glass, glass_columns_b, glass_columns_a,
          hangedman_abyss_or_decor_stagger, nrook_loot_triangle,
          minmay_gold_behind_fungi
D:11:     layout_layer_cave, minmay_shattered_shrine, uniq_erica, uniq_josephine
D:12:     kennysheep_funnel, layout_loops_corners, grunt_decor_cap,
          nicolae_benzene_ring
D:13:     minmay_inner_zag, layout_basic, serial_rivers,
          chequers_serial_rivers_micro_b, chequers_serial_rivers_marsh,
          chequers_serial_rivers_large_b, chequers_serial_rivers_small_3,
          chequers_serial_rivers_room_a, chequers_serial_rivers_micro_c,
          yredelemnul_forgotten_temple_becter
D:14:     layout_layer_cave, hellmonk_vaults_attempted_burglary,
          grunt_dithmenos_smoke_and_mirrors, dreamdust_looks_like_rain
D:15:     grunt_enter_depths_hoard, layout_loops_ring,
          portal_ice_cave_entry_horrid_things
Temple:   mainiacjoe_temple_big_plus
Lair:1:   layout_cave_pods, nicolae_lair_grove_arrangements, minivault_25,
          lemuel_fruit_tree, serial_bayou_shore_b
Lair:2:   layout_roguey, nicolae_swamp_entry_splash_gauntlet,
          minmay_snake_entry_six_corridors, nicolae_volcano_entry_s_turn
Lair:3:   layout_long_grid, small_statue_intersection, serial_bayou_shore_a,
          serial_bayou_shore_b
Lair:4:   layout_regular_city
Lair:5:   minmay_lair_end_enchanted_forest, layout_concentric_octagons,
          minmay_slime_entry_jelly_boxes, gauntlet_entry_generic
Swamp:1:  layout_basic_swamp, evilmike_swamp_ruin_house_2, swamp_pool_3
Swamp:2:  regret_index_all_hallows'_manor, layout_basic_swamp,
          evilmike_swamp_ruin_house_6, uniq_frances
Swamp:3:  layout_basic_swamp, nicolae_swamp_tree_designs
Swamp:4:  swamp_icy, layout_basic_swamp, nicolae_swamp_reclaimed_castle,
          uniq_mlioglotl
Snake:1:  layout_cave_pods, basic_altar, serial_shops, nicolae_take_the_stairs,
          serial_bayou_shore_b
Snake:2:  layout_gridlike, grunt_ministairs_3, uniq_louise, uniq_aizul,
          uniq_azrael, uniq_kirke
Snake:3:  layout_gridlike, serial_shops, nicolae_stop_n_shop_2,
          serial_bayou_pond_e
Snake:4:  grunt_snake_rune_serpentine_throne, layout_layer_cave,
          grunt_megastairs_4, uniq_bai_suzhen
Orc:1:    layout_caves, basic_altar, serial_shops,
          nicolae_shop_pleasant_corner_grove
Orc:2:    grunt_orc_tribal_feast, layout_diamond_mine, uniq_snorg
Elf:1:    eino_elf_arrival_altar, layout_gridlike, serial_sigils,
          serial_sigils_hangedman_confine, serial_sigils_hangedman_quiver,
          serial_sigils_hangedman_etch, serial_sigils_hangedman_quiver,
          serial_sigils_hangedman_snap, serial_sigils_hangedman_scar,
          minmay_elf_demonology, minmay_checkered_concentric_circles
Elf:2:    nicolae_elf_blades_crystal_corner, layout_onion_city, orc_legates,
          minmay_shop_grove
Elf:3:    minmay_elf_hall_hex, layout_loops_corners, basic_altar,
          minmay_crystal_room
Vaults:1: portal_desolation_entry_salt, v_rooms_2, vaults_dpeg_ring, v_misc_9,
          nicolae_vaults_windows_and_doors_thing,
          nicolae_vaults_layer_cake_slice, nicolae_vaults_network_square,
          nicolae_vaults_octothorpe, nicolae_vaults_steering_wheel, v_misc_28,
          layout_vaults_maze
Vaults:2: hangedman_vaults_trim, hangedman_vaults_capsules, vaults_room_hallway,
          minmay_crypt_entry_simple_statues, nicolae_vaults_closet_pinwheel_3,
          v_pattern_2, nicolae_vaults_trapezoid_2, ontoclasm_vaults_idyll,
          ontoclasm_vaults_twist, nicolae_vaults_tetromino_L_2, v_misc_18,
          nicolae_vaults_gold_heap, layout_vaults_omnibox, serial_shops, shop,
          uniq_mennas, uniq_donald
Vaults:3: v_misc_32, nicolae_vaults_little_squares_6, grunt_vaults_focal,
          v_misc_11, v_misc_24, nicolae_vaults_variable_pillar_hall, v_misc_3,
          v_misc_25, nicolae_vaults_display_case, vaults_mumra_minichess,
          layout_vaults_big_room, serial_shops, shop_coins, uniq_xtahua
Vaults:4: nicolae_vaults_heart-shaped_vault, v_misc_1,
          hangedman_vaults_river_flow, vaults_mumra_hex, hangedman_vaults_maws,
          serial_ice_b, nicolae_vaults_back_hallway, layout_vaults_omnigrid,
          serial_shops, shop
Vaults:5: serial_shops
Depths:1: layout_twisted_cross, grunt_metal_band, hangedman_abyss_entry_splay,
          nicolae_tricolors, drop_trap, nicolae_wwwww, serial_bayou_pond_d,
          item_on_display_a, uniq_asterion
Depths:2: gammafunk_sealed_library, layout_cross,
          minmay_staircase_windowed_large, hangedman_coc_ice_floe,
          rand_demon_pan_entry_5, uniq_enchantress, uniq_mara
Depths:3: cell_vault, layout_gridlike, enter_ziggurat_f,
          pf_hell_entry_tar_river, abyss_entry, rand_demon_pan_entry_8,
          minmay_staircase_windowed_small, minmay_shop_star
Depths:4: lemuel_castle_with_subvaults [lemuel_castle_interior_original],
          layout_cave_pools, pan_entry, pf_vacation_house_of_asmodeus,
          nrook_campfire, uniq_grunn
Zot:1:    layout_misc_corridors, hellmonk_ghost_big_iron
Zot:2:    layout_twisted_circle, regret_index_zotdec_twisting_globes
Zot:3:    kennysheep_ambush_hall, layout_basic
Zot:4:    layout_misc_corridors, st_small_dragon_hoard_4,
          st_single_dragon_hoard_1, grunt_megastairs_3
Zot:5:    layout_onion, hangedman_zot_gyre

Skill      XL: |  1  2  3  4  5  6  7  8  9 10 11 12 13 14 15 16 17 18 19 20 21 22 23 24 25 26 27 |
---------------+----------------------------------------------------------------------------------+-----
Stealth        | 1 2 3 17 | 17.0
Ranged Weapons | 1 2 3 5 7 8 14 16 17 | 17.0
Spellcasting   | 2 3 4 5 |  5.0
Fighting       | 4 6 7 8 11 13 15 17 18 | 18.0
Fire Magic     | 4 5 6 8 9 |  9.0
Short Blades   | 5 |  5.0
Dodging        | 1 2 4 9 10 11 12 13 14 15 16 17 | 17.0
Evocations     | 2 5 6 7 8 9 11 12 13 14 15 16 17 | 17.0
Armour         | 1 3 4 5 7 8 9 10 11 12 14 16 17 | 17.0
Conjurations   | 3 4 |  4.0
Air Magic      | 3 4 |  4.0
Poison Magic   | 3 4 |  4.0
Hexes          | 1 3 |  3.0
Translocations | 1 3 |  3.0
Throwing       | 1 3 5 7 8 10 11 12 17 | 17.0
Maces & Flails | 7 13 15 16 17 | 17.0
Shields        | 4 5 7 9 10 11 12 13 14 15 17 | 17.0
Invocations    | 1 5 7 8 9 11 12 15 17 18 | 18.1

Action                     |  1- 3 |  4- 6 |  7- 9 | 10-12 | 13-15 | 16-18 | 19-21 | 22-24 | 25-27 || total
---------------------------+-------+-------+-------+-------+-------+-------+-------+-------+-------++-------
  Melee: Short sword       |    40 |    39 |   148 |       |       |       |       |       |       ||   227
         Punch             |     1 |       |     4 |       |       |       |       |       |       ||     5
         Eveningstar       |       |       |       |       |   262 |  1541 |  1469 |  1996 |  2970 ||  8238
         Demon whip        |       |       |       |       |       |       |       |       |   119 ||   119
   Fire: Sling             |       |       |     1 |     1 |       |       |       |       |       ||     2
         Orcbow            |       |       |       |   343 |   597 |       |       |       |       ||   940
         Arbalest          |       |       |       |       |   406 |       |       |       |       ||   406
  Throw: Dart              |       |       |       |     2 |     4 |       |     2 |     3 |    13 ||    24
         Throwing net      |       |       |       |     1 |     1 |       |       |       |       ||     2
         Boomerang         |       |       |       |       |     5 |    61 |   188 |    35 |    78 ||   367
   Cast: Scorch            |    19 |    15 |   110 |    84 |    44 |       |       |       |       ||   272
         Mephitic Cloud    |       |       |       |       |     2 |       |       |       |       ||     2
 Invoke: Foxfire Swarm     |     1 |       |     4 |     1 |       |       |       |       |       ||     6
         Fiery Armour      |       |       |       |     2 |     1 |       |       |       |       ||     3
         Berserk           |       |       |       |       |     1 |     6 |     1 |       |     2 ||    10
         Trog's Hand       |       |       |       |       |       |     5 |    12 |     3 |     3 ||    23
         Brothers in Arms  |       |       |       |       |       |     7 |    11 |    14 |    20 ||    52
  Evoke: Wand              |       |       |     2 |     6 |     7 |     5 |    46 |     9 |    42 ||   117
         Lightning rod     |       |       |       |       |       |       |       |    19 |    13 ||    32
         Phantom mirror    |       |       |       |       |       |       |       |     1 |     5 ||     6
         Tin of tremorston |       |       |       |       |       |       |       |       |     5 ||     5
         Sack of spiders   |       |       |       |       |       |       |       |       |     3 ||     3
    Use: Scroll            |     5 |     4 |     8 |    14 |    10 |     6 |    24 |    18 |    16 ||   105
         Potion            |       |       |       |     2 |     7 |     4 |    12 |     1 |    25 ||    51
   Stab: Sleeping          |     2 |     5 |    14 |       |    14 |    14 |       |    27 |     9 ||    85
         Distracted        |       |       |       |       |       |     4 |     4 |     9 |    15 ||    32
         Petrifying        |       |       |       |       |       |       |       |       |     1 ||     1
         Invisible         |       |       |       |       |       |       |       |       |    20 ||    20
         Confused          |       |       |       |       |       |       |       |       |     2 ||     2
 Armour: Robe              |    18 |    14 |    57 |    47 |       |       |       |       |       ||   136
         Leather armour    |       |       |    42 |       |       |       |       |       |       ||    42
         Steam dragon scal |       |       |       |    71 |   460 |   391 |       |       |       ||   922
         Chain mail        |       |       |       |       |       |   202 |   814 |    12 |       ||  1028
         Troll leather arm |       |       |       |       |       |       |       |   361 |   660 ||  1021
  Dodge: Dodged            |    22 |    13 |    95 |   136 |   848 |  1091 |   640 |   787 |  1755 ||  5387
  Block: Buckler           |       |       |       |       |   138 |   457 |       |       |       ||   595
         Kite shield       |       |       |       |       |       |   270 |   782 |  1826 |  3174 ||  6052
         Reflection        |       |       |       |       |       |       |       |    60 |    47 ||   107

Table legend: (Time is in decaauts)
 A = Elapsed time spent in this place.
 B = Non-inter-level travel time spent in this place.
 C = Inter-level travel time spent in this place.
 D = Time resting spent in this place.
 E = Time spent auto-exploring this place.
 F = Levels seen in this place.
 G = Mean time per level.
                   A        B        C        D        E       F      G
               +--------+--------+--------+--------+--------+-----+--------+
         Total |  79721 |  71348 |   8373 |   3966 |  48240 |  53 | 1504.2 |
       Dungeon |  22390 |  19121 |   3269 |    377 |  15619 |  15 | 1492.7 |
        Temple |     64 |      4 |     60 |      0 |      0 |   1 |   64.0 |
          Lair |   7248 |   6576 |    672 |    139 |   5323 |   5 | 1449.6 |
         Swamp |   5625 |   5223 |    402 |    195 |   3749 |   4 | 1406.2 |
     Snake Pit |   7370 |   6969 |    401 |    517 |   4677 |   4 | 1842.5 |
  Orcish Mines |   2560 |   2117 |    443 |      1 |   1480 |   2 | 1280.0 |
   Elven Halls |   6700 |   5917 |    783 |    416 |   3803 |   3 | 2233.3 |
        Vaults |   8440 |   7251 |   1189 |    163 |   4432 |   5 | 1688.0 |
        Depths |   7312 |   6507 |    805 |     74 |   4113 |   4 | 1828.0 |
           Zot |   5979 |   5634 |    345 |   1177 |   2219 |   5 | 1195.8 |
        Bailey |   1548 |   1548 |      0 |    648 |    490 |   1 | 1548.0 |
      Ice Cave |   1644 |   1644 |      0 |    187 |   1040 |   1 | 1644.0 |
       Volcano |    870 |    870 |      0 |     16 |    501 |   1 |  870.0 |
    Desolation |   1342 |   1342 |      0 |      0 |    418 |   1 | 1342.0 |
      Gauntlet |    624 |    624 |      0 |     55 |    372 |   1 |  624.0 |
               +--------+--------+--------+--------+--------+-----+--------+

Top non-repeatable levels by time:
     D:6: 2734 daAuts
   Elf:2: 2631 daAuts
Depths:3: 2572 daAuts
 Snake:4: 2455 daAuts
   Elf:3: 2436 daAuts
 Swamp:2: 2203 daAuts
  Lair:5: 2010 daAuts
Vaults:5: 1970 daAuts
    D:13: 1874 daAuts
    D:14: 1857 daAuts
 Snake:2: 1816 daAuts
Depths:4: 1810 daAuts
   Zot:5: 1803 daAuts
   Zot:4: 1765 daAuts
Vaults:2: 1732 daAuts
